 Dungeon Crawl Stone Soup version 0.16-a0-1157-gec61f8e (webtiles) character file.

1124 RobertPalmer the Basher (level 8, 0/52 HPs)
             Began as an Octopode Fighter on Oct 8, 2014.
             Slain by an ice beast (13 damage)
             ... on level 6 of the Dungeon.
             The game lasted 00:10:58 (6563 turns).

RobertPalmer the Basher (Octopode Fighter)          Turns: 6563, Time: 00:10:59

Health: 0/52       AC:  1    Str: 15    XL:     8   Next: 35%
Magic:  8/8        EV: 10    Int: 13    God:
Gold:   268        SH:  9    Dex: 11    Spells: 0 memorised, 7 levels left

rFire  + . .     SeeInvis .     a - +0 flail
rCold  . . .     Clarity  .     c - +1 shield
rNeg   . . .     SustAb   .     (helmet restricted)
rPois  .         Gourm    .     v - amulet of rage
rElec  .         Spirit   .     j - ring of protection from magic
rCorr  .         Warding  .     w - ring of protection from fire
rMut   .         Stasis   .     (no ring)
MR     +....                    (no ring)
Stlth  ++........               (no ring)
                                (no ring)
                                (no ring)
                                (no ring)

@: somewhat resistant to hostile enchantments, unstealthy
A: almost no armour, amphibious, 8 rings, constrict 8, camouflage 1, gelatinous
body 1
a: Evoke Berserk Rage


You were on level 6 of the Dungeon.
You were not hungry.

You visited 1 branch of the dungeon, and saw 6 of its levels.

You collected 268 gold pieces.


Innate Abilities, Weirdness & Mutations

You cannot wear most types of armour.
You are amphibious.
You can wear up to eight rings at the same time.
You can use your tentacles to constrict many enemies at once.
Your skin changes colour to match your surroundings (Stealth).
Your rubbery body absorbs attacks (AC +1).


   Skills:
 - Level 3.0 Fighting
 + Level 9.8 Maces & Flails
 - Level 3.0 Dodging
 - Level 3.0 Shields


You had 7 spell levels left.
You didn't know any spells.

Inventory:

Hand weapons
 a - a +0 flail (weapon)
Missiles
 i - 2 javelins (quivered)
Armour
 c - a +1 shield (worn)
Magical devices
 u - a wand of enslavement (9)
Comestibles
 d - 4 bread rations
 g - 3 slices of pizza
 m - 2 beef jerkies
 s - 4 fruits
Scrolls
 e - 3 scrolls of teleportation {unknown}
 f - a scroll of blinking {unknown}
 h - a scroll of random uselessness {unknown}
 k - a scroll of recharging {unknown}
 p - a scroll of enchant armour
 t - a scroll of remove curse {unknown}
Jewellery
 j - a ring of protection from magic (left tentacle)
 v - an amulet of rage (around mantle)
 w - a ring of protection from fire (right tentacle)
Potions
 b - a potion of heal wounds {unknown}
 l - 4 potions of curing
 n - a potion of brilliance
 q - a potion of agility
 r - 2 potions of restore abilities
Books
 o - Sif Muna's Volume of Clay
   (You found it on level 3 of the Dungeon)

   Spells                             Type                      Level
   Sandblast                          Earth                        1

Dungeon Overview and Level Annotations

Branches:
Dungeon (6/15)
 Temple: D:4-7

Altars:
Ashenzari
Okawaru
Sif Muna

.. ......#......... #...
#...#...........
..#..##..#............
...#....#.............
...#..#.............. #
#.. #..##...........
#..##..##..##.##........
#....#..#....#.......##
#.@..#...........##
#.Y##..#.........<.#
#... #...#..##......#
#.(........######.....
...##.......# ##.... .(#
........# #.... .
...##... ##..# .. ##
..## # ..#


You could see an ice beast.


Message History

The ice beast is lightly wounded.
You block the ice beast's attack.
You sock the ice beast!
The ice beast is heavily wounded.
The ice beast misses you.
You barely miss the ice beast.
The ice beast is heavily wounded.
The ice beast barely misses you.
You closely miss the ice beast.
The ice beast is heavily wounded.
You block the ice beast's attack.
You hit the ice beast but do no damage.
The ice beast is heavily wounded.
The ice beast hits you. The ice beast freezes you!
* * * LOW HITPOINT WARNING * * *
You hit the ice beast.
The ice beast is heavily wounded.
The ice beast hits you.
* * * LOW HITPOINT WARNING * * *
The ice beast freezes you.
* * * LOW HITPOINT WARNING * * *
You closely miss the ice beast.
The ice beast is heavily wounded.
You block the ice beast's attack.
You hit the ice beast but do no damage.
The ice beast is heavily wounded.
The ice beast hits you.
* * * LOW HITPOINT WARNING * * *
The ice beast freezes you!
You die...

Action                   |  1- 3 |  4- 6 |  7- 9 || total
-------------------------+-------+-------+-------++-------
Melee: Flail             |    64 |   106 |   164 ||   334
Throw: Javelin           |     2 |     8 |    20 ||    30
Evoke: Wand              |       |       |     2 ||     2
  Use: Scroll            |     1 |       |     6 ||     7
       Potion            |       |     1 |       ||     1
 Stab: Sleeping          |     2 |     3 |     1 ||     6
  Eat: Chunk             |       |     7 |     6 ||    13
       Meat ration       |       |       |     1 ||     1

Vault maps used:
D:1:      minmay_arrival_semitransparent, serial_co_window_serial,
          co_window_paths_a, co_window_paths_a, co_window_corner_a,
          co_window_corner_a, co_window_paths_b, co_window_unsneaky_path_a,
          co_window_broadway_a, co_window_of_opportunity_b,
          co_window_unsneaky_path_b, co_window_corner_cb, co_window_2corner,
          glass_columns_b, glass_columns_a, glass_columns_b
D:2:      ashenzari_altar_1, first_bread, uniq_terence
D:3:      lemuel_round_altar, led_sif_book
D:6:      amethyst_overflow_temple_binary, minmay_temple_entry_statues_pillars,
          minivault_26, grunt_decor_fettered

Notes
Turn   | Place    | Note
--------------------------------------------------------------
     0 | D:1      | RobertPalmer, the Octopode Fighter, began the quest for the Orb.
     0 | D:1      | Reached XP level 1. HP: 16/16 MP: 1/1
    92 | D:1      | Reached XP level 2. HP: 21/21 MP: 2/2
   192 | D:1      | Reached skill level 3 in Maces & Flails
   569 | D:1      | Reached XP level 3. HP: 26/26 MP: 3/3
   966 | D:2      | Found a shattered altar of Ashenzari.
  1032 | D:2      | Reached skill level 4 in Maces & Flails
  1048 | D:2      | Reached XP level 4. HP: 26/31 MP: 4/4
  1265 | D:2      | Noticed Terence
  1269 | D:2      | Killed Terence
  2067 | D:3      | Found a deep blue altar of Sif Muna.
  2198 | D:3      | Reached skill level 5 in Maces & Flails
  2198 | D:3      | Reached XP level 5. HP: 25/36 MP: 5/5
  2342 | D:3      | Identified Sif Muna's Volume of Clay
  2461 | D:3      | Reached skill level 6 in Maces & Flails
  2464 | D:3      | Reached XP level 6. HP: 23/42 MP: 6/6
  2763 | D:3      | Found an iron altar of Okawaru.
  3202 | D:4      | Noticed RobertPalmer's ghost (average OpFi)
  3240 | D:4      | Killed RobertPalmer's ghost
  3240 | D:4      | Reached skill level 7 in Maces & Flails
  3240 | D:4      | Reached XP level 7. HP: 19/46 MP: 7/7
  4195 | D:4      | Reached skill level 8 in Maces & Flails
  4394 | D:5      | Entered Level 5 of the Dungeon
  5194 | D:5      | Reached skill level 9 in Maces & Flails
  5218 | D:5      | Reached XP level 8. HP: 50/52 MP: 8/8
  6563 | D:6      | Slain by an ice beast

Vanquished Creatures
  The ghost of RobertPalmer the Cudgeler, an average OpFi (D:4)
  An ice beast (D:5)
  A centaur (D:5)
  A scorpion (D:5)
  2 crimson imps (D:5)
  2 orc priests
  6 orc wizards
  A quasit (D:5)
  3 worker ants
  An iguana (D:4)
  Terence (D:2)
  A worker ant zombie (D:5)
  6 gnolls
  9 adders
  A worm (D:4)
  An orc skeleton (D:4)
  6 giant geckos
  An ooze (D:5)
  11 orcs
  18 bats
  5 giant cockroaches
  11 goblins
  10 hobgoblins
  7 jackals (D:4)
  8 kobolds
  3 quokkas
  A ball python (D:1)
  A giant gecko skeleton (D:4)
  5 giant newts
  14 rats
  A rat skeleton (D:4)
140 creatures vanquished.

Vanquished Creatures (collateral kills)
  A crimson imp (D:5)
1 creature vanquished.

Grand Total: 141 creatures vanquished
